 Dungeon Crawl Stone Soup version 0.20.1-1-g8b1a95d (webtiles) character file.

685162 fili the Conqueror (level 27, 0/273 HPs)
             Began as a Minotaur Berserker on June 27, 2017.
             Was an Elder of Trog.
             Slain by a green draconian scorcher
             ... wielding a +0 long sword
              (5 damage)
             ... on level 5 of the Realm of Zot on July 4, 2017.
             The game lasted 09:00:28 (75470 turns).

fili the Conqueror (Minotaur Berserker)            Turns: 75470, Time: 09:00:29

Health: 0/273      AC: 52    Str: 42    XL:     27
Magic:  11/11      EV: 21    Int:  4    God:    Trog [****..]
Gold:   4599       SH:  0    Dex: 11    Spells: 26/26 levels left

rFire    + + +     SeeInvis .   P - +9 battleaxe (antimagic)
rCold    + + +     Gourm    .   (shield currently unavailable)
rNeg     . . .     Faith    .   d - +4 crystal plate armour of Integrity {+Inv rC+ Str+6 Stlth-}
rPois    +         Spirit   .   N - +2 hat of Responsibility {rF+}
rElec    +         Reflect  .   X - scarf {rC+ rF+}
rCorr    +         Harm     .   x - +2 pair of gloves
MR       +++..     Rnd*Tele +   I - +2 pair of boots
Stlth    ..........             M - amulet of the Forgotten Planets {Regen+ Str+4 Stlth+}
Regen    1.0/turn               Q - +5 ring of protection
MPRegen  0.2/turn               a - ring of protection from magic

@: lethally poisoned (0 -> 0), about to teleport, resistant, berserk cooldown
A: retaliatory headbutt, horns 2, icy blue scales 1, blurry vision 2, clumsy 1,
teleportitis 1, no potion heal 1, subdued magic 2
}: 3/15 runes: decaying, serpentine, silver
a: Berserk, Trog's Hand, Brothers in Arms, Burn Spellbooks, Renounce Religion,
Evoke Invisibility


You were on level 5 of the Realm of Zot.
You worshipped Trog.
Trog was greatly pleased with you.
You were not hungry.

You visited 9 branches of the dungeon, and saw 48 of its levels.

You collected 8766 gold pieces.
You spent 4167 gold pieces at shops.

Inventory:

Hand Weapons
 P - a +9 antimagic battleaxe (weapon)
Armour
 d - the +4 crystal plate armour of Integrity (worn) {+Inv rC+ Str+6 Stlth-}
   (You acquired it on level 2 of the Lair of Beasts)

   It affects your strength (+6).
   It protects you from cold.
   It lets you turn invisible.
   It makes you less stealthy.
 x - a +2 pair of gloves (worn)
 I - a +2 pair of boots (worn)
 N - the +2 hat of Responsibility (worn) {rF+}
   (You found it on level 1 of the Depths)

   It protects you from fire.
 X - a scarf of resistance (worn)
Jewellery
 a - a ring of protection from magic (right hand)
 M - the amulet of the Forgotten Planets (around neck) {Regen+ Str+4 Stlth+}
   (You bought it in a shop on level 2 of the Vaults)

   [amulet of regeneration]

   It affects your strength (+4).
   It increases your rate of regeneration.
   It makes you more stealthy.
 Q - a +5 ring of protection (left hand)
Wands
 f - a wand of disintegration (11/24)
 h - a wand of digging (13/24)
 r - a wand of polymorph (12/24)
 y - a wand of lightning (8/15)
 F - a wand of enslavement (15/24)
 H - a wand of clouds (2/9)
 R - a wand of paralysis (4/24)
 T - a wand of iceblast (9/15)
Scrolls
 b - 4 scrolls of blinking
 k - 7 scrolls of magic mapping
 n - 16 scrolls of remove curse
 s - 7 scrolls of fog
 u - 18 scrolls of teleportation
 v - 2 scrolls of immolation
 w - 17 scrolls of identify
 E - 9 scrolls of fear
 J - 2 scrolls of holy word
 S - 2 scrolls of summoning
 U - 5 scrolls of recharging
Potions
 e - 6 potions of might
 j - 7 potions of brilliance
 l - 6 potions of haste
 m - 4 potions of invisibility
 o - a potion of heal wounds
 t - 15 potions of curing
 z - 4 potions of flight
 C - 8 potions of agility
 G - 4 potions of cancellation
 W - a potion of berserk rage
Books
 K - a book of Power

   Spells                             Type                      Level
   a - Iskenderun's Battlesphere      Conjuration/Charms           5
   b - Venom Bolt                     Conjuration/Poison           5
   c - Bolt of Magma                  Conjuration/Fire/Earth       5
   d - Iron Shot                      Conjuration/Earth            6
   e - Orb of Destruction             Conjuration                  7
   f - Spellforged Servitor           Conjuration/Summoning        7
   Trog disapproves of the use of such an item.
Miscellaneous
 i - a phantom mirror
 D - 2 boxes of beasts
 L - a lamp of fire
 Y - a lightning rod (4/4)
 Z - a fan of gales
Comestibles
 c - 12 bread rations
 p - 16 meat rations
 A - a fruit
 O - a royal jelly


   Skills:
 O Level 27 Fighting
 - Level 20.2 Axes
 O Level 27 Armour
 O Level 27 Dodging
 + Level 14.8 Stealth
 + Level 16.1 Evocations


You had 26 spell levels left.
You didn't know any spells.

Dungeon Overview and Level Annotations

Branches:
Dungeon (15/15)            Temple (0/1) D:6            Lair (6/6) D:8
  Swamp (4/4) Lair:3        Snake (4/4) Lair:4        Slime (0/5) Lair:6
    Orc (2/2) D:9             Elf (2/3) Orc:2        Vaults (5/5) D:14
  Crypt (0/3) Vaults:2     Depths (5/5) D:15            Zot (5/5) Depths:5

Altars:
Elyvilon
Fedhas
Hepliaklqana
Nemelex Xobeh
Uskayaw
Vehumet
Xom
The Shining One
Beogh
Jiyva

Shops:
D:9 [   D:11 *   D:14 :*::   Orc:2 *([=[:!*   Elf:1 (   Elf:2 :   Snake:1 %?[
Snake:3 }=}   Vaults:1 !==   Vaults:2 =   Depths:2 *

Portals:
Hell: Depths:1 Depths:2 Depths:3 Depths:4 Depths:5
Pandemonium: Depths:3
Ziggurat: Depths:1

Annotations:
Lair:1 exclusion: oklob plant
Lair:3 exclusion: oklob plant
Snake:2 exclusion: Roxanne, Roxanne


Innate Abilities, Weirdness & Mutations

You reflexively headbutt those who attack you in melee.
You have a pair of horns on your head.
You are partially covered in icy blue scales. (AC +2)
Scrolls take you longer to read.
You are clumsy. (Dex -2)
You are occasionally teleported next to monsters.
Potions are less effective at restoring your health.
Your spells are easier to cast, but less powerful.


Message History

The Orb Guardian is lightly wounded.
You slice something like a ripe choko!!!
You slice the red draconian knight!!
The red draconian knight's magic leaks into the air.
You barely miss the green draconian scorcher.
You slash the red draconian stormcaller!
You hit the black draconian monk.
You feel sick.
The white draconian annihilator mumbles some strange words.
The white draconian annihilator blinks!
The white draconian annihilator casts a spell.
The white draconian annihilator blinks!
The black draconian monk hits you but does no damage.
The black draconian monk kicks you.
* * * LOW HITPOINT WARNING * * *
The black draconian monk tail-slaps you.
* * * LOW HITPOINT WARNING * * *
The Orb Guardian hits you but does no damage.
The red draconian hits you but does no damage.
The green draconian scorcher hits you with a long sword.
You die...

*,,,,,,,,,,,,,,,,,,,,,,,,
**..............,,,,,,,,,
**.............,,,,,,,,,
▓▓...........q,,,,,,,,,
▓▓.............,,,,,,,,,
▓▓..............,,,,,,,,,
▓......§q.......,,,,,,,,,
▓......≈X{†.....,,,,,,,,,
*▓.q...q@d§.....,,,,,,,,*
▓▓....qqqd.....,,,,,,***
▓▓▓▓..........,,,****
▓▓▓▓▓▓▓▓▓▓▓****


You could see a black draconian monk, a red draconian knight, a purple
draconian, a red draconian, a red draconian stormcaller, an Orb Guardian, 2
draconians and 2 draconians.

Vanquished Creatures
  3 ancient liches (Zot:5)
  5 orbs of fire (Zot:5)
  The ghost of panicbit the Minotaur Barricade, a legendary MiFi of Okawaru (Zot:5)
  Mennas (Depths:4)
  4 juggernauts (Depths:3)
  Mara (Snake:3)
  Sojobo (Vaults:4)
  Margery (Vaults:3)
  the Lernaean hydra (Swamp:4)
  Saint Roka (Vaults:2)
  Frederick (Vaults:4)
  Xtahua (Vaults:4)
  A Killer Klown (Zot:3)
  Vashnia (Snake:2)
  4 curse toes
  Jory (Vaults:3)
  15 golden dragons
  6 liches
  2 Tzitzimimeh (Depths:2)
  22 tentacled monstrosities
  11 Orb Guardians
  A deep elf blademaster (Elf:2)
  An ancient champion (Vaults:2)
  4 titans
  10 death cobs
  7 quicksilver dragons
  Frances (Elf:1)
  8 sphinxes
  12 shadow dragons
  20 storm dragons
  2 thorn hunters
  11 tengu reavers
  7 draconian monks
  A shadow dragon (shapeshifter) (Vaults:5)
  9 nagarajas (Snake:4)
  A revenant (Vaults:2)
  2 deep elf sorcerers
  9 frost giants
  Aizul (Snake:2)
  16 fire giants
  8 draconian scorchers
  7 draconian knights
  23 vault wardens
  An iron dragon (Vaults:5)
  2 orc warlords
  17 ironheart preservers
  Louise (Swamp:4)
  3 draconian stormcallers
  The ghost of panicbit the Severer, a journeyman MiFi of Okawaru (Orc:2)
  5 draconian shifters
  A ghost moth (Zot:3)
  A ghoul (Vaults:5)
  A caustic shrike zombie (Depths:3)
  A stone giant (shapeshifter) (Vaults:4)
  2 deep elf elementalists
  21 very ugly things
  25 stone giants
  2 war gargoyles (Vaults:5)
  8 green draconians
  An entropy weaver (Vaults:4)
  A draconian annihilator (Zot:2)
  2 spriggan defenders
  4 vampire knights
  4 deep elf demonologists (Vaults:5)
  3 deep elf annihilators
  14 purple draconians
  13 yellow draconians
  12 red draconians
  13 black draconians
  13 white draconians
  5 spark wasps (Depths:3)
  Snorg (Lair:6)
  13 ettins
  6 deep elf death magi
  An eidolon (Elf:1)
  A merfolk javelineer (Depths:3)
  9 great orbs of eyes
  Josephine (Lair:4)
  20 fire dragons
  24 yaktaur captains
  38 vault guards
  Erolcha (Orc:1)
  2 ghost crabs
  10 rakshasas
  15 ice dragons
  4 spriggan air magi
  20 hydras
  16 anacondas
  20 naga warriors
  8 centaur warriors
  Erica (D:10)
  44 two-headed ogres
  4 death knights
  8 tengu warriors
  13 deep troll shamans
  5 alligators
  16 ogre magi
  10 deep troll earth magi
  7 death yaks
  Urug (Orc:2)
  26 dancing weapons
  16 naga sharpshooters
  4 spriggan berserkers
  3 vampire magi
  3 orc high priests
  7 shock serpents
  26 deep elf knights
  A shadow wraith (Vaults:4)
  13 skeletal warriors
  7 sea snakes (Snake:4)
  10 hell knights
  3 spriggan druids
  A fire crab (shapeshifter) (Vaults:3)
  A storm dragon skeleton (Vaults:3)
  An unseen horror (shapeshifter) (Vaults:3)
  7 iron trolls
  7 wizards
  An unseen horror (Vaults:1)
  4 naga ritualists
  41 deep trolls
  A glowing orange brain (shapeshifter) (Vaults:5)
  3 flayed ghosts
  2 glowing orange brains
  Pikel (D:8)
  A wolf spider zombie (D:14)
  35 deep elf archers
  23 orc knights
  15 ironbrand convokers
  11 swamp dragons
  7 mana vipers
  A phantasmal warrior (Vaults:5)
  4 shambling mangroves
  2 harpies (shapeshifter)
  9 harpies
  22 necromancers
  A tengu skeleton (Vaults:3)
  2 wolf spiders
  A faun (shapeshifter) (Depths:3)
  7 orc sorcerers
  39 ugly things
  65 deep elf magi
  7 cyclopes
  A manticore (D:13)
  A fire giant zombie (Vaults:1)
  A shining eye (Depths:1)
  7 salamanders
  2 moths of wrath (shapeshifter)
  An orc zombie (Vaults:3)
  5 elephants
  32 moths of wrath
  A water nymph (shapeshifter) (D:12)
  23 naga magi
  25 vault sentinels
  A titan simulacrum (Depths:3)
  42 black mambas
  A black mamba (shapeshifter) (Vaults:4)
  8 guardian serpents
  27 spiny frogs
  8 centaur skeletons
  2 gargoyles
  A yaktaur zombie (Vaults:1)
  A human zombie (Vaults:2)
  70 yaktaurs
  A kobold demonologist (D:14)
  A rime drake (shapeshifter) (Vaults:5)
  2 yaktaurs (shapeshifter)
  15 freezing wraiths
  12 komodo dragons
  3 demonic crawlers (D:12)
  A rime drake (Lair:4)
  2 efreet (Depths:4)
  A komodo dragon (shapeshifter) (Depths:1)
  A harpy zombie (D:15)
  5 tengu conjurers
  A merfolk (shapeshifter) (Vaults:3)
  A yaktaur skeleton (Vaults:2)
  7 polar bears
  A troll (shapeshifter) (D:15)
  7 trolls
  2 meliai (Lair:4)
  A red devil (Depths:3)
  12 tyrant leeches
  20 hornets
  A deep troll zombie (D:15)
  A wind drake (shapeshifter) (Vaults:2)
  A queen bee (Lair:4)
  23 blink frogs
  A fire dragon zombie (D:15)
  A hippogriff (shapeshifter) (Depths:4)
  44 slime creatures
  3 human simulacra
  4 bog bodies
  A spriggan zombie (D:15)
  12 hippogriffs
  A redback (shapeshifter) (Depths:2)
  A tarantella (shapeshifter) (Vaults:3)
  6 water elementals
  A meliai zombie (D:15)
  A tarantella (Vaults:4)
  A yak (shapeshifter) (Vaults:4)
  2 redbacks (Vaults:4)
  38 yaks
  5 wraiths
  5 air elementals
  Sigmund (D:2)
  4 shadows
  An ettin skeleton (Vaults:3)
  11 spriggans
  2 vampires
  7 wyverns
  3 large abominations (Elf:1)
  2 fire bats (shapeshifter)
  A neqoxec (Swamp:4)
  12 basilisks
  2 chaos spawn (D:12)
  2 fire elementals (Elf:2)
  29 vampire mosquitoes
  6 hungry ghosts
  A steam dragon (shapeshifter) (Vaults:5)
  3 steam dragons
  20 swamp worms
  13 wargs
  Menkaure (D:7)
  4 insubstantial wisps (Swamp:3)
  65 nagas
  Edmund (D:6)
  A swamp worm (shapeshifter) (Vaults:5)
  A soldier ant (D:12)
  28 porcupines
  4 acid dragons
  22 water moccasins
  14 swamp drakes
  2 floating eyes (Depths:1)
  A slave (D:8)
  7 ice beasts
  3 black bears
  64 orc warriors
  2 phantoms
  2 hornet zombies
  54 ogres
  A swamp dragon zombie (Swamp:3)
  2 eyes of draining
  3 ettin simulacra (Depths:4)
  8 boggarts (Depths:3)
  26 centaurs
  20 wolves
  6 small abominations
  12 crocodiles
  2 big kobolds
  3 elf zombies (Elf:1)
  A komodo dragon zombie (Swamp:3)
  The ghost of rezek the Conjurer, an amateur TeCj (D:3)
  30 bullfrogs
  A glowing shapeshifter simulacrum (Depths:3)
  2 human skeletons
  2 wyvern skeletons
  An elf simulacrum (Vaults:2)
  37 killer bees
  3 scorpions
  10 wights
  5 electric eels
  A vampire bat (Lair:6)
  9 howler monkeys
  A lava snake (D:15)
  7 crimson imps
  2 bullfrog zombies
  14 hounds
  3 centaur zombies
  3 jellies
  35 orc priests
  A bullfrog skeleton (D:13)
  31 orc wizards
  An iron imp (Depths:2)
  Jessica (D:2)
  A hell rat (D:8)
  3 iguanas
  10 worker ants
  2 centaur simulacra
  A hound skeleton (D:8)
  A howler monkey zombie (D:9)
  9 gnolls
  2 worker ant zombies
  16 adders
  2 swamp drake zombies (Swamp:3)
  A river rat (D:5)
  4 shadow imps
  16 white imps
  2 worker ant simulacra (D:8)
  2 ufetubi (D:8)
  An ooze (D:2)
  An ooze (shapeshifter) (Vaults:1)
  2 adder skeletons
  3 worms
  A dart slug (D:3)
  11 leopard geckos
  132 orcs
  18 bats
  6 giant cockroaches
  5 goblins
  12 hobgoblins
  8 jackals
  13 kobolds
  4 quokkas
  5 ball pythons
  3 frilled lizards
  9 rats
  A bush (Elf:2)
  2 crawling corpses (Vaults:1)
  2 fungi (Lair:2)
  A withered plant (D:15)
2684 creatures vanquished.

Vanquished Creatures (collateral kills)
  Bai Suzhen (Vaults:3)
  A lich (Depths:1)
  2 vault wardens
  2 draconian annihilators (Zot:3)
  A stone giant (Vaults:4)
  A yellow draconian (Zot:3)
  A great orb of eyes (Depths:1)
  2 hydras (Swamp:4)
  A centaur warrior (Vaults:3)
  A two-headed ogre (Depths:1)
  10 death yaks
  A deep elf knight (Elf:1)
  A swamp dragon (Swamp:4)
  2 ironbrand convokers
  3 deep elf magi
  2 ugly things (Depths:1)
  A moth of wrath (Zot:2)
  An elephant (Lair:6)
  A spiny frog (Lair:6)
  5 yaktaurs
  A meliai (Lair:4)
  3 tyrant leeches
  A blink frog (Lair:6)
  A wyvern (Lair:4)
  2 yaks
  An ice beast (D:8)
  3 centaurs (Vaults:3)
  An ogre (Depths:1)
  A crocodile (Lair:6)
  2 bullfrogs (Lair:6)
  A vampire bat (Lair:6)
  A howler monkey (D:8)
  An orc wizard (Orc:1)
  An orc priest (Orc:1)
  A hell rat (D:8)
  An orc (Orc:1)
62 creatures vanquished.

Vanquished Creatures (others)
  A draconian knight (Zot:2)
  A draconian monk (Zot:4)
  A draconian shifter (Zot:2)
  A war gargoyle (Vaults:5)
  A white draconian (Zot:2)
  A shadow wraith (Vaults:5)
  A storm dragon skeleton (Depths:3)
  A wizard (Vaults:2)
  2 yaktaurs
  An efreet (Depths:4)
  3 slaves
  3 ogres
  A centaur (D:7)
  An orc skeleton (Vaults:1)
  A killer bee (Lair:4)
  An orc wizard (Vaults:3)
  An iguana (D:7)
  A river rat (Lair:4)
  2 shadow imps
  A quokka (D:15)
  18 fungi (Lair:6)
  56 plants
100 creatures vanquished.

Grand Total: 2846 creatures vanquished

Notes
Turn   | Place    | Note
-------+----------+-------------------------------------------
     0 | D:1      | fili the Minotaur Berserker began the quest for the Orb.
     0 | D:1      | Reached XP level 1. HP: 19/19 MP: 0/0
    73 | D:1      | Reached XP level 2. HP: 20/27 MP: 1/1
   465 | D:2      | Reached XP level 3. HP: 31/33 MP: 2/2
   496 | D:2      | Reached ** piety under Trog
   498 | D:2      | Noticed Sigmund
   511 | D:2      | Killed Sigmund
   511 | D:2      | Reached skill level 5 in Fighting
   511 | D:2      | Reached skill level 5 in Axes
   511 | D:2      | Reached XP level 4. HP: 7/44 MP: 3/3
   511 | D:2      | Reached XP level 5. HP: 8/50 MP: 4/4
   788 | D:2      | Noticed Jessica
   792 | D:2      | Killed Jessica
  1343 | D:2      | Reached XP level 6. HP: 50/57 MP: 5/5
  1638 | D:3      | Found a hazy altar of Hepliaklqana.
  1646 | D:3      | Noticed rezek's ghost (amateur TeCj)
  1650 | D:3      | Killed rezek's ghost
  1765 | D:3      | Reached *** piety under Trog
  2495 | D:3      | Found a blossoming altar of Fedhas.
  2704 | D:3      | Reached XP level 7. HP: 56/66 MP: 6/6
  2954 | D:4      | Got a crystal short sword
  2955 | D:4      | Identified the +7 short sword "Olurryih" {freeze, +Fly Str+3 Int+4} (You found it on level 4 of the Dungeon)
  3480 | D:5      | Entered Level 5 of the Dungeon
  3512 | D:5      | Found a hide-covered altar of Uskayaw.
  4005 | D:5      | Reached **** piety under Trog
  4249 | D:5      | Reached XP level 8. HP: 75/75 MP: 7/7
  4899 | D:6      | Found a staircase to the Ecumenical Temple.
  5031 | D:6      | Noticed Edmund
  5044 | D:6      | Killed Edmund
  5086 | D:6      | Reached skill level 10 in Axes
  5095 | D:6      | Reached skill level 10 in Fighting
  5485 | D:6      | Reached XP level 9. HP: 64/86 MP: 8/8
  6536 | D:7      | Noticed Menkaure
  6541 | D:7      | Killed Menkaure
  6755 | D:7      | Reached ***** piety under Trog
  6760 | D:7      | Found a shimmering altar of Xom.
  7867 | D:8      | Noticed a two-headed ogre
  7875 | D:8      | Killed a two-headed ogre
  7881 | D:8      | Noticed Pikel
  7889 | D:8      | Killed Pikel
  7889 | D:8      | Reached XP level 10. HP: 39/100 MP: 9/9
  8515 | D:8      | Noticed a death yak
  8869 | D:8      | Killed a death yak
  9232 | D:8      | Found a sparkling altar of Nemelex Xobeh.
  9280 | D:8      | Found a staircase to the Lair.
  9280 | D:8      | Noticed a death yak
  9281 | D:8      | Noticed a death yak
  9293 | D:8      | Killed a death yak
  9300 | D:8      | Killed a death yak
  9345 | D:8      | Identified the Collected Works on Beguiling
  9538 | D:8      | Reached XP level 11. HP: 89/110 MP: 10/10
 10888 | Lair:1   | Entered Level 1 of the Lair of Beasts
 10895 | Lair:1   | Noticed an oklob plant
 10895 | Lair:1   | Noticed an eight-headed hydra
 11123 | Lair:1   | Killed an eight-headed hydra
 12073 | D:9      | Found Qepej Abecw's Antique Armour Shoppe.
 12097 | D:9      | Reached skill level 15 in Fighting
 12301 | D:9      | Noticed a two-headed ogre
 12336 | D:9      | Killed a two-headed ogre
 12336 | D:9      | Reached skill level 15 in Axes
 13044 | D:9      | Found a staircase to the Orcish Mines.
 13466 | D:9      | Found a white marble altar of Elyvilon.
 13592 | D:9      | Bought a runed scarf for 232 gold pieces
 13630 | D:10     | Entered Level 10 of the Dungeon
 13833 | D:10     | Noticed a two-headed ogre
 13842 | D:10     | Killed a two-headed ogre
 14213 | D:10     | Noticed Erica
 14227 | D:10     | Killed Erica
 14355 | D:11     | Found Zudach's General Store.
 14422 | D:11     | Reached XP level 12. HP: 117/122 MP: 11/11
 14600 | D:10     | Gained mutation: Potions are less effective at restoring your health. [potion of mutation]
 14600 | D:10     | Gained mutation: You are partially covered in icy blue scales. (AC +2) [potion of mutation]
 14889 | D:11     | Noticed a two-headed ogre
 14914 | D:11     | Killed a two-headed ogre
 14914 | D:11     | Reached skill level 5 in Armour
 15214 | D:12     | Paralysed by a hornet for 1 turns
 15630 | D:12     | Noticed a two-headed ogre
 15637 | D:12     | Killed a two-headed ogre
 16492 | D:12     | Received a gift from Trog
 16743 | D:12     | Found a runed door.
 16779 | D:12     | Noticed a cyan very ugly thing
 18051 | Lair:1   | Got a pitted mace
 18052 | Lair:1   | Identified the +3 mace "Ucuexzyg" {venom, +Blink rC+ MR+ Str+3} (You found it on level 1 of the Lair of Beasts)
 19161 | Lair:2   | Reached XP level 13. HP: 132/132 MP: 12/12
 19164 | Lair:2   | Reached skill level 5 in Dodging
 20233 | Lair:3   | Got a bloodstained rapier
 20234 | Lair:3   | Identified the +1 rapier of Laceration {pierce, rC+} (You found it on level 3 of the Lair of Beasts)
 20747 | Lair:3   | Found a staircase to the Swamp.
 21150 | Lair:4   | Found a staircase to the Snake Pit.
 21208 | Lair:4   | Reached skill level 10 in Armour
 21259 | Lair:4   | Found a glowing golden altar of the Shining One.
 21606 | Lair:4   | Noticed Josephine
 21636 | Lair:4   | Killed Josephine
 22526 | Lair:4   | Reached XP level 14. HP: 135/143 MP: 13/13
 24052 | Orc:1    | Entered Level 1 of the Orcish Mines
 24062 | Orc:1    | Reached skill level 1 in Evocations
 24270 | Orc:1    | Noticed Erolcha
 24276 | Orc:1    | Killed Erolcha
 24276 | Orc:1    | Received a gift from Trog
 24670 | Orc:2    | Entered Level 2 of the Orcish Mines
 24672 | Orc:2    | Found Matromp's Book Emporium.
 24677 | Orc:2    | Found Hiem's Antique Armour Boutique.
 24677 | Orc:2    | Found Yralysseotu's Assorted Antiques.
 24786 | D:9      | Bought a shimmering plate armour for 812 gold pieces
 24802 | D:9      | Identified the cursed +1 plate armour of the Crypt {*Contam +Inv rElec rF+ rC+} (You bought it in a shop on level 9 of the Dungeon)
 24829 | D:8      | Noticed a storm dragon
 24846 | D:8      | Killed a storm dragon
 25005 | Lair:6   | Entered Level 6 of the Lair of Beasts
 25010 | Lair:6   | Found a staircase to the Slime Pits.
 25012 | Lair:6   | Found a viscous altar of Jiyva.
 26742 | Lair:6   | Reached skill level 5 in Evocations
 26793 | Lair:6   | Received a gift from Trog
 27565 | Lair:6   | Reached XP level 15. HP: 77/152 MP: 18/18
 27884 | Lair:6   | Noticed Snorg
 27889 | Lair:6   | Killed Snorg
 28329 | Lair:2   | Identified a scroll of acquirement
 28341 | Lair:2   | Got a twisted crystal plate armour
 28342 | Lair:2   | Identified the +4 crystal plate armour of Integrity {+Inv rC+ Str+6 Stlth-} (You acquired it on level 2 of the Lair of Beasts)
 28897 | Orc:2    | Gained mutation: Scrolls take you a little longer to read. [a neqoxec]
 28905 | Orc:2    | Noticed panicbit's ghost (journeyman MiFi)
 29024 | Orc:2    | Killed panicbit's ghost
 29526 | Orc:2    | Noticed an orc warlord
 29624 | Orc:2    | Killed an orc warlord
 29687 | Orc:2    | Noticed Urug
 29703 | Orc:2    | Killed Urug
 29710 | Orc:2    | Found a roughly hewn altar of Beogh.
 29731 | Orc:2    | Found Zocics's Antique Armour Shoppe.
 29981 | Orc:2    | Found a staircase to the Elven Halls.
 29997 | Orc:2    | Found Rolyf's Antique Weapon Shoppe.
 30000 | Orc:2    | Received a gift from Trog
 30109 | Orc:2    | Found Onaiguoh's Distillery.
 30112 | Orc:2    | Bought a potion of heal wounds for 65 gold pieces
 30112 | Orc:2    | Bought a potion of heal wounds for 65 gold pieces
 30112 | Orc:2    | Bought a potion of curing for 39 gold pieces
 30162 | Orc:2    | Found Punweobb's Jewellery Shoppe.
 30169 | Orc:2    | Bought the ring of Psychosis {+Inv rPois} for 408 gold pieces
 30169 | Orc:2    | Bought a +5 amulet of reflection for 494 gold pieces
 30193 | Orc:2    | Found Eckotwock's General Store.
 30626 | Swamp:1  | Entered Level 1 of the Swamp
 31721 | Swamp:2  | Noticed a thorn hunter
 31734 | Swamp:2  | Killed a thorn hunter
 32330 | Swamp:3  | Paralysed by a hornet for 2 turns
 32588 | Swamp:3  | Reached skill level 15 in Armour
 33414 | Swamp:4  | Entered Level 4 of the Swamp
 33461 | Swamp:4  | Received a gift from Trog
 33529 | Swamp:4  | Noticed a thorn hunter
 33538 | Swamp:4  | Reached XP level 16. HP: 161/165 MP: 6/20
 33550 | Swamp:4  | Noticed Louise
 33551 | Swamp:4  | Killed a thorn hunter
 33568 | Swamp:4  | Killed Louise
 33833 | Swamp:4  | Noticed the 27-headed Lernaean hydra
 34241 | Swamp:4  | Killed the 27-headed Lernaean hydra
 34676 | Swamp:4  | Got a decaying rune of Zot
 35077 | Snake:1  | Entered Level 1 of the Snake Pit
 35586 | Snake:1  | Found Dove's Armour Shoppe.
 35586 | Snake:1  | Found Vodisyck's Magic Scroll Emporium.
 35723 | Snake:1  | Found Zucol Rowy's Food Shop.
 36277 | Snake:2  | Noticed Vashnia
 36570 | Snake:2  | Got a polished scale mail
 36646 | Snake:1  | Identified the cursed +0 scale mail "Isum Ufu" {rC- MR++ Int+4 SInv} (You found it on level 2 of the Snake Pit)
 36683 | Snake:2  | Noticed Roxanne
 36727 | Snake:2  | Noticed Aizul
 36743 | Snake:2  | Killed Aizul
 36870 | Snake:2  | Reached XP level 17. HP: 131/173 MP: 7/21
 36918 | Snake:2  | Killed Vashnia
 36918 | Snake:2  | Received a gift from Trog
 37599 | Snake:3  | Got a blackened mace
 38058 | Snake:3  | Noticed Mara
 38279 | Snake:3  | Found a sparkling altar of Nemelex Xobeh.
 38322 | Snake:3  | Killed Mara
 38322 | Snake:3  | Reached skill level 10 in Dodging
 38756 | Snake:3  | Found Fiupn's Jewellery Boutique.
 38757 | Snake:3  | Found Caohepi's Gadget Emporium.
 38757 | Snake:3  | Found Wydaj's Gadget Emporium.
 38980 | Snake:4  | Entered Level 4 of the Snake Pit
 39068 | Snake:4  | Found a sparkling altar of Nemelex Xobeh.
 39379 | Snake:4  | Received a gift from Trog
 39876 | Snake:4  | Reached XP level 18. HP: 173/185 MP: 7/22
 40513 | Snake:4  | Got a serpentine rune of Zot
 41449 | D:12     | Noticed a tentacled monstrosity
 41459 | D:12     | Killed a tentacled monstrosity
 42410 | D:14     | Found Uffyph Zega's Book Shop.
 42454 | D:14     | Found Ocivet's General Store.
 42466 | D:14     | Bought a potion of resistance for 170 gold pieces
 42630 | D:14     | Received a gift from Trog
 42640 | D:14     | Reached ****** piety under Trog
 42795 | D:14     | Found Jejurch Yczoi's Book Boutique.
 42868 | D:14     | Found a gate to the Vaults.
 42985 | D:14     | Found Tavaxug's Book Emporium.
 43338 | Vaults:1 | Entered Level 1 of the Vaults
 43343 | Vaults:1 | Found Vader's Jewellery Shoppe.
 43607 | Vaults:1 | Reached XP level 19. HP: 139/198 MP: 7/23
 44064 | Vaults:1 | Found Usmeh's Jewellery Shoppe.
 44074 | Vaults:1 | Bought the ring of Yendor {rPois Int+4 Dex+3 Slay+4} for 1111 gold pieces
 44168 | Vaults:1 | Paralysed by a wizard for 6 turns
 44175 | Vaults:1 | Received a gift from Trog
 44277 | Vaults:1 | Found Rocatimm's Distillery.
 44594 | Vaults:1 | Found a radiant altar of Vehumet.
 45540 | Vaults:2 | Received a gift from Trog
 46397 | Vaults:2 | Reached XP level 20. HP: 169/210 MP: 8/24
 46667 | Vaults:2 | Found Jeruruf's Jewellery Boutique.
 46796 | Vaults:2 | Noticed Saint Roka
 46821 | Vaults:2 | Killed Saint Roka
 46826 | Vaults:2 | Received a gift from Trog
 47699 | Vaults:2 | Received a gift from Trog
 47772 | Vaults:2 | Found a staircase to the Crypt.
 48613 | Vaults:3 | Noticed Bai Suzhen
 48623 | Vaults:3 | Killed Bai Suzhen
 48675 | Vaults:3 | Received a gift from Trog
 48911 | Vaults:3 | Found a roughly hewn altar of Beogh.
 49442 | Vaults:3 | Noticed Jory
 49467 | Vaults:3 | Killed Jory
 49529 | Vaults:3 | Noticed Margery
 49544 | Vaults:3 | Killed Margery
 49548 | Vaults:3 | Received a gift from Trog
 49548 | Vaults:3 | Reached skill level 15 in Dodging
 50065 | Vaults:4 | Reached XP level 21. HP: 202/222 MP: 8/25
 50256 | Vaults:4 | Noticed Xtahua
 50257 | Vaults:4 | Noticed Sojobo
 50291 | Vaults:4 | Killed Xtahua
 50320 | Vaults:4 | Killed Sojobo
 50464 | Vaults:4 | Received a gift from Trog
 50692 | Vaults:4 | Received a gift from Trog
 50987 | Vaults:4 | Reached skill level 27 in Fighting
 51071 | Vaults:4 | Noticed Frederick
 51083 | Vaults:4 | Killed Frederick
 51988 | Elf:1    | Entered Level 1 of the Elven Halls
 52011 | Elf:1    | Found Ickeuth's Weapon Emporium.
 52073 | Elf:1    | Received a gift from Trog
 52287 | Elf:1    | Noticed Frances
 52291 | Elf:1    | Killed Frances
 52884 | Elf:1    | Reached XP level 22. HP: 148/233 MP: 8/26
 53159 | Elf:2    | Found Luovviu's Book Emporium.
 53320 | Elf:2    | Received a gift from Trog
 53419 | Elf:2    | Found a runed gate.
 53419 | Elf:2    | Found a runed gate.
 53420 | Elf:2    | Found a runed gate.
 54054 | Elf:2    | Received a gift from Trog
 54666 | Vaults:2 | Bought the amulet of the Forgotten Planets {Regen+ Str+4 Stlth+} for 771 gold pieces
 54784 | D:15     | Entered Level 15 of the Dungeon
 54913 | D:15     | Found a white marble altar of Elyvilon.
 54951 | D:15     | Found a staircase to the Depths.
 55454 | D:15     | Received a gift from Trog
 55514 | Depths:1 | Entered Level 1 of the Depths
 55596 | Depths:1 | Found a gateway to a ziggurat.
 55598 | Depths:1 | Paralysed by a floating eye for 4 turns
 55608 | Depths:1 | Paralysed by a floating eye for 4 turns
 55844 | Depths:1 | Found a gateway to Hell.
 56081 | Depths:1 | Found a radiant altar of Vehumet.
 56101 | Depths:1 | Got a pitted hat
 56112 | Depths:1 | Identified the +2 hat of Responsibility {rF+} (You found it on level 1 of the Depths)
 56131 | Depths:1 | Got a dazzling hat
 56143 | Depths:1 | Identified the +0 hat "Ciczudd" {+Inv rElec Str-5 Dex-5} (You found it on level 1 of the Depths)
 56890 | Depths:2 | Upgraded the game from 0.20.0-15-g7f486f2 to 0.20.1-1-g8b1a95d
 56917 | Depths:2 | Received a gift from Trog
 57196 | Depths:2 | HP: 11/233 [??? (8)]
 57197 | Depths:2 | HP: 5/233 [??? (2)]
 57636 | Depths:2 | Noticed a golden dragon
 57636 | Depths:2 | Found Diorupusch's General Store.
 57655 | Depths:2 | Killed a golden dragon
 57655 | Depths:2 | Reached XP level 23. HP: 114/240 MP: 9/27
 57999 | Depths:2 | Got a translucent plate armour
 58024 | Depths:2 | Identified the +6 plate armour "Iraucs" {rF+ rCorr} (You found it on level 2 of the Depths)
 58795 | Depths:3 | Noticed a juggernaut
 58806 | Depths:3 | Killed a juggernaut
 59237 | Depths:3 | Noticed a juggernaut
 59249 | Depths:3 | Killed a juggernaut
 59292 | Depths:3 | Received a gift from Trog
 59541 | Depths:3 | Noticed a juggernaut
 59551 | Depths:3 | Killed a juggernaut
 59787 | Depths:3 | Noticed a juggernaut
 59797 | Depths:3 | Killed a juggernaut
 60346 | Depths:3 | Received a gift from Trog
 60365 | Depths:3 | Reached XP level 24. HP: 209/249 MP: 9/27
 60457 | Depths:3 | Found a one-way gate leading to the halls of Pandemonium.
 61216 | Depths:4 | Received a gift from Trog
 61518 | Depths:4 | Noticed Mennas
 61534 | Depths:4 | Killed Mennas
 61819 | Depths:4 | Received a gift from Trog
 62144 | Depths:5 | Entered Level 5 of the Depths
 62801 | Depths:5 | Received a gift from Trog
 63055 | Depths:5 | Got a shimmering plate armour
 63058 | Depths:5 | Identified the +0 plate armour of the Gravedigger {rElec Regen+ rCorr SInv} (You found it on level 5 of the Depths)
 63079 | Depths:5 | Found a gate to the Realm of Zot.
 63220 | Depths:5 | Reached XP level 25. HP: 257/257 MP: 9/27
 64110 | Vaults:5 | Entered Level 5 of the Vaults
 64118 | Vaults:4 | Reached skill level 27 in Armour
 64308 | Vaults:5 | Received a gift from Trog
 64524 | Vaults:5 | Got a silver rune of Zot
 64529 | Vaults:5 | Got a faintly humming ring mail
 64928 | Vaults:5 | Received a gift from Trog
 65274 | Vaults:5 | Reached XP level 26. HP: 254/266 MP: 9/27
 65300 | Vaults:5 | Received a gift from Trog
 65328 | Vaults:5 | Got a shimmering halberd {drain}
 65338 | Vaults:5 | Got an ancient battleaxe {god gift}
 65417 | Vaults:4 | Identified the +4 battleaxe of Light {freeze, *Contam +Inv rN+ Str+7} (Trog gifted it to you on level 5 of the Vaults)
 65437 | Vaults:5 | Gained mutation: Your spells are a little easier to cast, but a little less powerful. [mutagenic glow]
 65459 | Vaults:5 | Got a bound bone ring
 65555 | Vaults:5 | Identified the Catalogue of Spatial Intoxication
 65971 | Vaults:4 | Identified the ring of Haocudua {rF- rC+ Slay+5} (You took it off a hell knight on level 5 of the Vaults)
 67193 | Vaults:5 | Received a gift from Trog
 67593 | Zot:1    | Entered Level 1 of the Realm of Zot
 67622 | Zot:1    | Reached skill level 27 in Dodging
 67718 | Zot:1    | Reached skill level 1 in Stealth
 67957 | Zot:1    | Got a clouded tin ring
 67959 | Zot:1    | Identified the ring "Vicao" {+Fly MR- Dex+5 Stlth-} (You found it on level 1 of the Realm of Zot)
 68071 | Zot:1    | Reached skill level 5 in Stealth
 68550 | Zot:1    | Received a gift from Trog
 69317 | Zot:2    | Reached skill level 10 in Evocations
 69736 | Zot:2    | Reached XP level 27. HP: 56/273 MP: 9/29
 70948 | Zot:2    | Reached skill level 10 in Stealth
 71118 | Zot:3    | Received a gift from Trog
 74235 | Zot:5    | Entered Level 5 of the Realm of Zot
 74437 | Zot:5    | Noticed panicbit's ghost (legendary MiFi)
 74473 | Zot:5    | Killed panicbit's ghost
 74658 | Zot:5    | Received a gift from Trog
 74679 | Zot:5    | Noticed an orb of fire
 74681 | Zot:5    | Gained mutation: Your spells are easier to cast, but less powerful. [an orb of fire]
 74697 | Zot:5    | Killed an orb of fire
 74757 | Zot:5    | Noticed an ancient lich
 74769 | Zot:5    | Killed an ancient lich
 74769 | Zot:5    | Reached skill level 15 in Evocations
 74839 | Zot:5    | Noticed an orb of fire
 74848 | Zot:5    | Noticed an ancient lich
 74849 | Zot:5    | Gained mutation: You are occasionally teleported next to monsters. [an orb of fire]
 74866 | Zot:5    | Killed an ancient lich
 74874 | Zot:5    | Killed an orb of fire
 74938 | Zot:5    | Noticed an ancient lich
 74947 | Zot:5    | Killed an ancient lich
 75197 | Zot:5    | Noticed an orb of fire
 75209 | Zot:5    | Gained mutation: Scrolls take you longer to read. [an orb of fire]
 75233 | Zot:5    | Killed an orb of fire
 75403 | Zot:5    | Noticed an orb of fire
 75405 | Zot:5    | Gained mutation: You are clumsy. (Dex -2) [an orb of fire]
 75416 | Zot:5    | Noticed an orb of fire
 75417 | Zot:5    | Noticed an orb of fire
 75430 | Zot:5    | Killed an orb of fire
 75448 | Zot:5    | Noticed an ancient lich
 75459 | Zot:5    | Noticed an orb of fire
 75468 | Zot:5    | Killed an orb of fire
 75469 | Zot:5    | HP: 12/273 [something (8)]
 75470 | Zot:5    | HP: 5/273 [black draconian monk (1)]
 75470 | Zot:5    | Slain by a green draconian scorcher

Skill      XL: |  1  2  3  4  5  6  7  8  9 10 11 12 13 14 15 16 17 18 19 20 21 22 23 24 25 26 27 |
---------------+----------------------------------------------------------------------------------+-----
Fighting       | 4 5 6 7 8 10 12 14 15 17 18 19 20 21 22 23 25 26 27 | 27.0
Axes           | 4 5 6 7 9 10 12 14 15 16 17 18 19 20 | 20.2
Armour         | 4 8 11 13 15 16 17 18 19 20 21 23 25 26 27 | 27.0
Dodging        | 4 8 9 10 12 13 15 16 19 20 22 25 27 | 27.0
Evocations     | 5 6 10 16 | 16.1
Stealth        | 7 14 | 14.8

Action                   |  1- 3 |  4- 6 |  7- 9 | 10-12 | 13-15 | 16-18 | 19-21 | 22-24 | 25-27 || total
-------------------------+-------+-------+-------+-------+-------+-------+-------+-------+-------++-------
Melee: Hand axe          |    50 |   139 |   373 |   378 |       |       |       |       |       ||   940
       Headbutt          |     4 |    15 |    79 |   196 |   421 |   371 |   420 |   423 |   499 ||  2428
       War axe           |       |       |       |   360 |       |       |       |       |       ||   360
       Whip              |       |       |       |     4 |       |       |       |       |       ||     4
       Mace              |       |       |       |    42 |  1018 |    25 |       |       |       ||  1085
       Battleaxe         |       |       |       |       |   345 |  1179 |  1319 |  1370 |  1279 ||  5492
Throw: Tomahawk          |       |       |     6 |    53 |    29 |     9 |     1 |       |       ||    98
Invok: Berserk           |     1 |       |     6 |    10 |     9 |     3 |     1 |     3 |     4 ||    37
       Trog's Hand       |       |     1 |     6 |    10 |    28 |    23 |    26 |    12 |    32 ||   138
       Brothers in Arms  |       |       |       |     4 |     7 |     5 |     6 |     4 |     7 ||    33
       Burn Spellbooks   |       |       |       |       |       |       |     1 |     5 |     5 ||    11
Evoke: Wand              |       |       |       |     7 |     7 |     3 |     3 |     6 |     3 ||    29
  Use: Scroll            |       |       |    10 |    14 |    10 |     7 |     8 |     5 |    13 ||    67
       Potion            |       |       |       |     6 |     2 |     2 |     1 |       |    13 ||    24
 Stab: Distracted        |       |       |       |       |       |       |     1 |       |     1 ||     2
       Invisible         |       |       |       |       |       |       |       |       |     5 ||     5
  Eat: Chunk             |       |     7 |    19 |    31 |    44 |    14 |    27 |    30 |    38 ||   210
       Bread ration      |       |       |     1 |     3 |       |     2 |     2 |     2 |     1 ||    11
       Fruit             |       |       |     2 |    12 |    24 |     7 |     4 |     2 |     4 ||    55
       Royal jelly       |       |       |       |       |     3 |     8 |     1 |     2 |     5 ||    19
       Meat ration       |       |       |       |       |       |     1 |       |       |     1 ||     2
Armor: Animal skin       |     2 |       |       |       |       |       |       |       |       ||     2
       Leather armour    |    12 |    27 |       |       |       |       |       |       |       ||    39
       Scale mail        |       |     6 |    56 |       |       |       |       |       |       ||    62
       Plate armour      |       |       |    79 |   364 |   544 |       |       |       |       ||   987
       Crystal plate arm |       |       |       |       |   331 |  1031 |   745 |  1018 |  1027 ||  4152
Dodge: Dodged            |    37 |    79 |   123 |   237 |   827 |   647 |   660 |   923 |  1345 ||  4878
Block: Other             |       |       |       |       |    53 |   283 |   230 |    38 |       ||   604
       Reflection        |       |       |       |       |       |    39 |    29 |    10 |       ||    78
